 Dungeon Crawl Stone Soup version 0.22-a0-224-g8cf3520 (webtiles) character file.

5284 tidbits the Martial Artist (level 10, -1/76 HPs)
             Began as a Gnoll Transmuter on Feb 20, 2018.
             Was an Initiate of Cheibriados.
             Slain by an orc warrior
             ... wielding a +0 scimitar
              (20 damage)
             ... on level 10 of the Dungeon.
             The game lasted 00:26:12 (2946 turns).

tidbits the Martial Artist (Gnoll Transmuter)       Turns: 2946, Time: 00:26:13

Health: -1/76      AC:  2    Str: 14    XL:     10   Next: 63%
Magic:  11/21      EV: 19    Int: 20    God:    Cheibriados [......]
Gold:   381        SH:  0    Dex: 16    Spells: 5/23 levels left

rFire    . . .     SeeInvis .     - Unarmed
rCold    . . .     Gourm    .   (shield currently unavailable)
rNeg     . . .     Faith    .   b - +0 robe
rPois    .         Spirit   .   (no helmet)
rElec    .         Reflect  .   (no cloak)
rCorr    .         Harm     .   (gloves currently unavailable)
MR       +....                  (no boots)
Stlth    +++.......             (no amulet)
HPRegen  0.22/turn              V - +2 ring of evasion
MPRegen  0.17/turn              v - ring of protection from magic

@: lethally poisoned (-1 -> -4), blade hands, very slow
A: distributed training, fangs 1, strong nose
a: End Transformation, Bend Time, Renounce Religion


You were on level 10 of the Dungeon.
You worshipped Cheibriados.
Cheibriados was noncommittal.
You were not hungry.
You had blades for hands.
You visited 2 branches of the dungeon, and saw 11 of its levels.
You also visited: Sewer.

You collected 381 gold pieces.

Inventory:

Hand Weapons
 g - a +0 dagger
 h - a +0 dagger of holy wrath (melded)
   (You took it off an orc wizard on level 6 of the Dungeon)
 m - a +0 trident
 o - a +0 war axe
 t - a +0 blowgun
 z - a +0 club
Missiles
 a - 204 arrows
 f - 5 tomahawks
 n - 30 poisoned needles
 A - 7 tomahawks of returning (quivered)
Armour
 b - a +0 robe (worn)
 i - a +0 robe
 l - a +0 ring mail
 x - a +1 animal skin
 D - a +2 buckler (melded)
Jewellery
 v - a ring of protection from magic (right scythe-like blade)
   (You found it on level 5 of the Dungeon)
 V - a +2 ring of evasion (left scythe-like blade)
   (You found it on level 7 of the Dungeon)
Wands
 e - a wand of paralysis (13)
 q - a wand of polymorph (18)
 E - a wand of iceblast (3)
Scrolls
 j - 5 scrolls of teleportation
 k - 2 scrolls of enchant weapon
 r - 6 scrolls of remove curse
 s - a scroll of blinking
 u - a scroll of amnesia
 y - a scroll of fog
 C - a scroll of identify
Potions
 d - a potion of heal wounds
 p - 4 potions of might
 w - a potion of brilliance
 B - 3 potions of flight
Comestibles
 c - 11 rations


   Skills:
 + Level 6.0 Fighting
 + Level 5.3 Short Blades
 + Level 5.3 Long Blades
 + Level 5.3 Axes
 + Level 5.3 Maces & Flails
 + Level 5.3 Polearms
 + Level 5.3 Staves
 + Level 5.3 Slings
 + Level 5.3 Bows
 + Level 5.3 Crossbows
 + Level 5.3 Throwing
 + Level 5.3 Armour
 + Level 7.1 Dodging
 + Level 5.3 Stealth
 + Level 5.3 Shields
 + Level 8.5 Unarmed Combat
 + Level 7.4 Spellcasting
 + Level 4.4 Conjurations
 + Level 4.4 Hexes
 + Level 4.4 Charms
 + Level 4.4 Summonings
 + Level 4.4 Necromancy
 + Level 4.4 Translocations
 + Level 5.9 Transmutations
 + Level 4.4 Fire Magic
 + Level 4.4 Ice Magic
 + Level 4.4 Air Magic
 + Level 4.4 Earth Magic
 + Level 4.4 Poison Magic
 + Level 5.9 Invocations
 + Level 5.3 Evocations


You had 5 spell levels left.
You knew the following spells:

 Your Spells              Type           Power        Failure   Level  Hunger
e - Beastly Appendage     Tmut           ####..       14%         1    None
h - Blade Hands           Tmut           ####......   65%         5    #####..
k - Sticks to Snakes      Tmut           ####....     16%         2    None
p - Spider Form           Tmut/Pois      ####......   26%         3    #......
r - Regeneration          Chrm/Necr      ####......   30%         3    #......
N - Animate Dead          Necr           N/A          54%         4    ###....


Dungeon Overview and Level Annotations

Branches:
Dungeon (10/15)            Temple (1/1) D:7
   Lair: D:8-11         Orc: D:9-12

Altars:
Ashenzari
Cheibriados
Dithmenos
Elyvilon
Fedhas
Hepliaklqana
Kikubaaqudgha
Makhleb
Nemelex Xobeh
Okawaru
Qazlal
Ru
Trog
Uskayaw
Vehumet
Wu Jian
Xom
Yredelemnul
Zin
The Shining One


Innate Abilities, Weirdness & Mutations

Your experience applies equally to all skills.
You have very sharp teeth.
Your uncanny sense of smell can sniff out nearby items.


Message History

There is a stone staircase leading down here.
You climb downwards.
There is a stone staircase leading up here.
Unknown command.
Your magical contamination has completely faded away.
There is a stone staircase leading down here.
You climb downwards.
An orc, an orc warrior, an orc priest and an orc wizard come into view.
The orc wizard is wielding a dagger of venom.
Found 22 stones and 6 tomahawks.
There is a stone staircase leading up here.
Unknown command.
Casting: Blade Hands (quite dangerous; 22% risk of failure)
Confirm with . or Enter, or press ? or * to list all spells.
You create 2 snakes!
You now have 206 arrows.
Casting: Sticks to Snakes (safe; 1% risk of failure)
Confirm with . or Enter, or press ? or * to list all spells.
You create 2 snakes!
You now have 204 arrows.
Casting: Sticks to Snakes (safe; 1% risk of failure)
Confirm with . or Enter, or press ? or * to list all spells.
Your hands turn into razor-sharp scythe blades.
Your +0 dagger of holy wrath melds into your body.
Your +2 buckler melds into your body.
Your +0 dagger of holy wrath stops glowing.
The orc wizard shouts!
The orc shouts!
Your adder bites the orc wizard.
The orc priest shouts!
The orc warrior shouts!
You hear a shout!
You hear a bellow! x2
Unknown command.
You swap places.
An orc comes into view.
Your adder bites the orc wizard but does no damage.
Your adder bites the orc wizard.
Your ball python closely misses the orc wizard. x2
Your adder bites the orc wizard.
You barely miss the orc wizard.
The orc wizard is heavily wounded.
Your ball python closely misses the orc wizard.
Your ball python barely misses the orc wizard.
Your adder closely misses the orc wizard.
The orc barely misses you.
The orc wizard hits you but does no damage.
You are poisoned.
The orc priest calls down the wrath of Beogh upon you.
Beogh smites you!
Your ball python closely misses the orc wizard.
Your ball python grabs the orc wizard.
Your ball python constricts the orc wizard.
Your adder bites the orc wizard.
A yak comes into view.
You slash the orc wizard!
You kill the orc wizard!
Cheibriados thoroughly appreciates the change of pace.
You feel sick.
You swap places.
You feel sick. The orc misses you.
The orc warrior hits you with a scimitar!!
* * * LOW HITPOINT WARNING * * *
Your ball python bites the orc warrior but does no damage.
Your ball python misses the orc warrior.
The orc priest barely misses you.
The orc closely misses you. 2 yaks come into view.
You slice the orc priest!!
You kill the orc priest!
Cheibriados appreciates the change of pace.
You feel sick.
Your ball python barely misses the orc warrior.
Your ball python misses the orc warrior.
Your adder bites the orc warrior but does no damage.
The orc warrior closely misses you.
You slice the orc!!
You kill the orc!
Cheibriados appreciates the change of pace.
The orc closely misses your adder.
Your adder bites the orc warrior.
The orc warrior is poisoned.
Your adder poisons the orc warrior!
Your ball python bites the orc warrior but does no damage.
Your ball python barely misses the orc warrior.
You hit the orc warrior but do no damage.
You slash the orc warrior, but do no damage.
The orc warrior is lightly wounded.
You feel sick.
Your adder closely misses the orc warrior.
Your ball python closely misses the orc warrior.
Your ball python completely misses the orc warrior.
Your adder closely misses the orc warrior.
The orc warrior closely misses you.
Your ball python bites the orc warrior but does no damage.
Your ball python grabs the orc warrior.
Your ball python constricts the orc warrior.
Your adder barely misses the orc warrior.
A yak comes into view.
You hit the orc warrior.
The orc warrior is moderately wounded.
Your adder bites the orc warrior but does no damage.
Your ball python barely misses the orc warrior.
Your adder bites the orc warrior.
The orc warrior looks even sicker.
Your adder poisons the orc warrior!
Your ball python bites the orc warrior but does no damage.
Your ball python constricts the orc warrior.
The orc warrior hits you with a scimitar!!
You die...

.....Y..#
.......+
......#####
#.Y.Y......
+..........
#.oY.......
#SoS)......
#SS@)......
#..........
#(<........
#.......#+#
#.......#
#.......#
........+
.........#
≈........#∆


You could see 4 yaks, an orc warrior, an orc, 2 friendly adders and 2 friendly
ball pythons.

Vanquished Creatures
  2 two-headed ogres
  Pikel (D:7)
  A manticore (D:7)
  A hornet (D:8)
  Grum (D:8)
  3 ogres
  3 orc warriors
  4 slaves
  An ice beast (D:7)
  A wolf (D:7)
  A sky beast (D:7)
  5 centaurs
  A big kobold (D:9)
  5 bullfrogs
  A wyvern skeleton (D:6)
  A water moccasin zombie (D:9)
  A scorpion (D:5)
  4 crimson imps
  A jelly (D:7)
  4 orc priests
  A hound (D:4)
  7 orc wizards
  An iguana (D:7)
  5 worker ants
  3 hound skeletons
  6 gnolls
  15 adders
  A river rat (D:6)
  2 shadow imps
  9 oozes (Sewer)
  4 worms
  The ghost of Amnesiac the Charlatan, a weakling SpAr (D:4)
  9 leopard geckos
  16 orcs
  4 ball pythons
  16 giant cockroaches
  4 goblins
  4 hobgoblins
  2 jackals (D:3)
  A quokka (D:2)
  6 bats
  15 frilled lizards
  A jackal skeleton (D:4)
  8 kobolds
  8 rats
191 creatures vanquished.

Vanquished Creatures (collateral kills)
  A centaur (D:9)
  A bullfrog (D:6)
  A worker ant (D:4)
  A shadow imp (D:6)
  2 orcs (D:9)
  A quokka (D:9)
  5 frilled lizards
  2 kobolds (D:9)
  A rat (D:6)
15 creatures vanquished.

Grand Total: 206 creatures vanquished

Notes
Turn   | Place    | Note
-------+----------+-------------------------------------------
     0 | D:1      | tidbits the Gnoll Transmuter began the quest for the Orb.
     0 | D:1      | Reached XP level 1. HP: 17/17 MP: 6/6
    28 | D:1      | You fall through a shaft!
    38 | D:2      | Reached XP level 2. HP: 20/23 MP: 5/7
    42 | D:2      | Learned a level 2 spell: Sticks to Snakes
   169 | D:1      | Reached XP level 3. HP: 28/28 MP: 9/9
   233 | D:1      | Reached skill level 5 in Spellcasting
   319 | D:2      | Found a burning altar of Makhleb.
   353 | D:2      | Reached skill level 1 in Invocations
   424 | D:3      | Found a stormy altar of Qazlal.
   453 | D:3      | Reached skill level 1 in Short Blades
   453 | D:3      | Reached skill level 1 in Long Blades
   453 | D:3      | Reached skill level 1 in Axes
   453 | D:3      | Reached skill level 1 in Maces & Flails
   453 | D:3      | Reached skill level 1 in Polearms
   453 | D:3      | Reached skill level 1 in Staves
   453 | D:3      | Reached skill level 1 in Slings
   453 | D:3      | Reached skill level 1 in Bows
   453 | D:3      | Reached skill level 1 in Crossbows
   453 | D:3      | Reached skill level 1 in Throwing
   453 | D:3      | Reached skill level 1 in Armour
   453 | D:3      | Reached skill level 1 in Stealth
   453 | D:3      | Reached skill level 1 in Shields
   453 | D:3      | Reached skill level 1 in Evocations
   453 | D:3      | Reached XP level 4. HP: 33/34 MP: 8/11
   472 | D:3      | Learned a level 3 spell: Spider Form
   576 | D:3      | Reached skill level 1 in Conjurations
   576 | D:3      | Reached skill level 1 in Hexes
   576 | D:3      | Reached skill level 1 in Charms
   576 | D:3      | Reached skill level 1 in Summonings
   576 | D:3      | Reached skill level 1 in Necromancy
   576 | D:3      | Reached skill level 1 in Translocations
   576 | D:3      | Reached skill level 1 in Fire Magic
   576 | D:3      | Reached skill level 1 in Ice Magic
   576 | D:3      | Reached skill level 1 in Air Magic
   576 | D:3      | Reached skill level 1 in Earth Magic
   576 | D:3      | Reached skill level 1 in Poison Magic
   620 | D:4      | Noticed an ogre
   620 | D:4      | Noticed an ogre
   630 | D:4      | Noticed Amnesiac's ghost (weakling SpAr)
   630 | D:4      | Killed an ogre
   630 | D:4      | Reached skill level 3 in Fighting
   630 | D:4      | Reached skill level 4 in Transmutations
   630 | D:4      | Reached XP level 5. HP: 28/41 MP: 1/12
   642 | D:4      | Killed Amnesiac's ghost
   724 | D:4      | Reached XP level 6. HP: 46/47 MP: 5/13
   745 | D:5      | Entered Level 5 of the Dungeon
   756 | D:4      | Reached skill level 2 in Invocations
   808 | D:7      | Noticed a slave
   813 | D:7      | Noticed a slave
   815 | D:7      | Noticed a slave
   816 | D:7      | Killed a slave
   820 | D:7      | Noticed a slave
   822 | D:7      | Noticed Pikel
   823 | D:7      | Killed a slave
   831 | D:6      | Killed a slave
   843 | D:6      | Reached skill level 5 in Dodging
   863 | D:6      | Reached skill level 2 in Short Blades
   863 | D:6      | Reached skill level 2 in Long Blades
   863 | D:6      | Reached skill level 2 in Axes
   863 | D:6      | Reached skill level 2 in Maces & Flails
   863 | D:6      | Reached skill level 2 in Polearms
   863 | D:6      | Reached skill level 2 in Staves
   863 | D:6      | Reached skill level 2 in Slings
   863 | D:6      | Reached skill level 2 in Bows
   863 | D:6      | Reached skill level 2 in Crossbows
   863 | D:6      | Reached skill level 2 in Throwing
   863 | D:6      | Reached skill level 2 in Armour
   863 | D:6      | Reached skill level 2 in Stealth
   863 | D:6      | Reached skill level 2 in Shields
   863 | D:6      | Reached skill level 2 in Evocations
   898 | D:6      | Reached XP level 7. HP: 12/52 MP: 2/15
   934 | D:6      | Found a glowing drain.
   941 | Sewer    | Entered a sewer
  1057 | Sewer    | Reached skill level 7 in Unarmed Combat
  1200 | Sewer    | Reached skill level 2 in Conjurations
  1200 | Sewer    | Reached skill level 2 in Hexes
  1200 | Sewer    | Reached skill level 2 in Charms
  1200 | Sewer    | Reached skill level 2 in Summonings
  1200 | Sewer    | Reached skill level 2 in Necromancy
  1200 | Sewer    | Reached skill level 2 in Translocations
  1200 | Sewer    | Reached skill level 2 in Fire Magic
  1200 | Sewer    | Reached skill level 2 in Ice Magic
  1200 | Sewer    | Reached skill level 2 in Air Magic
  1200 | Sewer    | Reached skill level 2 in Earth Magic
  1200 | Sewer    | Reached skill level 2 in Poison Magic
  1339 | D:6      | Reached skill level 3 in Invocations
  1375 | D:6      | Reached XP level 8. HP: 45/60 MP: 10/16
  1518 | D:7      | Noticed a manticore
  1536 | D:7      | Killed a manticore
  1536 | D:7      | Reached skill level 4 in Fighting
  1536 | D:7      | Reached skill level 3 in Short Blades
  1536 | D:7      | Reached skill level 3 in Long Blades
  1536 | D:7      | Reached skill level 3 in Axes
  1536 | D:7      | Reached skill level 3 in Maces & Flails
  1536 | D:7      | Reached skill level 3 in Polearms
  1536 | D:7      | Reached skill level 3 in Staves
  1536 | D:7      | Reached skill level 3 in Slings
  1536 | D:7      | Reached skill level 3 in Bows
  1536 | D:7      | Reached skill level 3 in Crossbows
  1536 | D:7      | Reached skill level 3 in Throwing
  1536 | D:7      | Reached skill level 3 in Armour
  1536 | D:7      | Reached skill level 3 in Stealth
  1536 | D:7      | Reached skill level 3 in Shields
  1536 | D:7      | Reached skill level 6 in Spellcasting
  1536 | D:7      | Reached skill level 3 in Evocations
  1582 | D:8      | Noticed Grum
  1595 | D:7      | HP: 3/61 [centaur/arrow (12)]
  1732 | D:6      | Noticed a two-headed ogre
  1743 | D:6      | Killed a two-headed ogre
  1743 | D:6      | Reached skill level 4 in Short Blades
  1743 | D:6      | Reached skill level 4 in Long Blades
  1743 | D:6      | Reached skill level 4 in Axes
  1743 | D:6      | Reached skill level 4 in Maces & Flails
  1743 | D:6      | Reached skill level 4 in Polearms
  1743 | D:6      | Reached skill level 4 in Staves
  1743 | D:6      | Reached skill level 4 in Slings
  1743 | D:6      | Reached skill level 4 in Bows
  1743 | D:6      | Reached skill level 4 in Crossbows
  1743 | D:6      | Reached skill level 4 in Throwing
  1743 | D:6      | Reached skill level 4 in Armour
  1743 | D:6      | Reached skill level 6 in Dodging
  1743 | D:6      | Reached skill level 4 in Stealth
  1743 | D:6      | Reached skill level 4 in Shields
  1743 | D:6      | Reached skill level 3 in Conjurations
  1743 | D:6      | Reached skill level 3 in Hexes
  1743 | D:6      | Reached skill level 3 in Charms
  1743 | D:6      | Reached skill level 3 in Summonings
  1743 | D:6      | Reached skill level 3 in Necromancy
  1743 | D:6      | Reached skill level 3 in Translocations
  1743 | D:6      | Reached skill level 5 in Transmutations
  1743 | D:6      | Reached skill level 3 in Fire Magic
  1743 | D:6      | Reached skill level 3 in Ice Magic
  1743 | D:6      | Reached skill level 3 in Air Magic
  1743 | D:6      | Reached skill level 3 in Earth Magic
  1743 | D:6      | Reached skill level 3 in Poison Magic
  1743 | D:6      | Reached skill level 4 in Invocations
  1743 | D:6      | Reached skill level 4 in Evocations
  1743 | D:6      | Reached XP level 9. HP: 66/67 MP: 14/18
  1774 | D:6      | Reached skill level 5 in Fighting
  1981 | D:4      | Found a bloodstained altar of Trog.
  2033 | D:4      | Reached skill level 8 in Unarmed Combat
  2208 | D:4      | You fall through a shaft for 3 floors!
  2263 | D:7      | Killed Pikel
  2263 | D:7      | Reached skill level 7 in Spellcasting
  2263 | D:7      | Reached skill level 5 in Invocations
  2263 | D:7      | Reached XP level 10. HP: 66/74 MP: 16/20
  2355 | D:7      | Reached skill level 4 in Conjurations
  2355 | D:7      | Reached skill level 4 in Hexes
  2355 | D:7      | Reached skill level 4 in Charms
  2355 | D:7      | Reached skill level 4 in Summonings
  2355 | D:7      | Reached skill level 4 in Necromancy
  2355 | D:7      | Reached skill level 4 in Translocations
  2355 | D:7      | Reached skill level 4 in Fire Magic
  2355 | D:7      | Reached skill level 4 in Ice Magic
  2355 | D:7      | Reached skill level 4 in Air Magic
  2355 | D:7      | Reached skill level 4 in Earth Magic
  2355 | D:7      | Reached skill level 4 in Poison Magic
  2399 | D:7      | Found a staircase to the Ecumenical Temple.
  2403 | Temple   | Entered the Ecumenical Temple
  2538 | D:8      | Noticed a two-headed ogre
  2551 | D:8      | Killed a two-headed ogre
  2551 | D:8      | Reached skill level 5 in Short Blades
  2551 | D:8      | Reached skill level 5 in Long Blades
  2551 | D:8      | Reached skill level 5 in Axes
  2551 | D:8      | Reached skill level 5 in Maces & Flails
  2551 | D:8      | Reached skill level 5 in Polearms
  2551 | D:8      | Reached skill level 5 in Staves
  2551 | D:8      | Reached skill level 5 in Slings
  2551 | D:8      | Reached skill level 5 in Bows
  2551 | D:8      | Reached skill level 5 in Crossbows
  2551 | D:8      | Reached skill level 5 in Throwing
  2551 | D:8      | Reached skill level 5 in Armour
  2551 | D:8      | Reached skill level 5 in Stealth
  2551 | D:8      | Reached skill level 5 in Shields
  2551 | D:8      | Reached skill level 5 in Evocations
  2603 | D:9      | Reached skill level 7 in Dodging
  2679 | D:9      | Found a snail-covered altar of Cheibriados.
  2682 | D:9      | Became a worshipper of Cheibriados the Contemplative
  2718 | D:9      | Learned a level 3 spell: Regeneration
  2724 | D:9      | Learned a level 4 spell: Animate Dead
  2730 | D:9      | Learned a level 5 spell: Blade Hands
  2872 | D:8      | Killed Grum
  2872 | D:8      | Reached skill level 6 in Fighting
  2935 | D:10     | Entered Level 10 of the Dungeon
  2946 | D:10     | Slain by an orc warrior

Vault maps used:
D:1:      dpeg_arrival_ratfight
D:2:      lemuel_doored_altar, led_sif_pool
D:3:      nicolae_qazlal_general_emergency, first_ration
D:4:      lemuel_round_altar
D:5:      hex_medium
D:6:      marbit_many_paths, lightli_sewer_entry_pipes
D:7:      temple_hall_moat, hangedman_abyss_or_decor_slice, uniq_pikel
D:8:      uniq_grum
D:9:      kennysheep_mini_moat
D:10:     minmay_lair_entry_lava, st_stairs_3, nicolae_gozag_seed_capital,
          uniq_psyche
Temple:   nicolae_temple_x_marks_the_god
Sewer:    sewer_frog_island_02

Skill      XL: |  1  2  3  4  5  6  7  8  9 10 |
---------------+-------------------------------+-----
Spellcasting   | 5 6 7 |  7.4
Invocations    | 1 2 3 4 5 |  5.9
Short Blades   | 1 2 4 5 |  5.3
Long Blades    | 1 2 4 5 |  5.3
Axes           | 1 2 4 5 |  5.3
Maces & Flails | 1 2 4 5 |  5.3
Polearms       | 1 2 4 5 |  5.3
Staves         | 1 2 4 5 |  5.3
Slings         | 1 2 4 5 |  5.3
Bows           | 1 2 4 5 |  5.3
Crossbows      | 1 2 4 5 |  5.3
Throwing       | 1 2 4 5 |  5.3
Armour         | 1 2 4 5 |  5.3
Stealth        | 1 2 4 5 |  5.3
Shields        | 1 2 4 5 |  5.3
Evocations     | 1 2 4 5 |  5.3
Conjurations   | 1 2 3 4 |  4.4
Hexes          | 1 2 3 4 |  4.4
Charms         | 1 2 3 4 |  4.4
Summonings     | 1 2 3 4 |  4.4
Necromancy     | 1 2 3 4 |  4.4
Translocations | 1 2 3 4 |  4.4
Fire Magic     | 1 2 3 4 |  4.4
Ice Magic      | 1 2 3 4 |  4.4
Air Magic      | 1 2 3 4 |  4.4
Earth Magic    | 1 2 3 4 |  4.4
Poison Magic   | 1 2 3 4 |  4.4
Fighting       | 3 4 5 6 |  6.0
Transmutations | 4 5 |  5.9
Dodging        | 5 6 7 |  7.1
Unarmed Combat | 7 8 |  8.5

Action                   |  1- 3 |  4- 6 |  7- 9 | 10-12 || total
-------------------------+-------+-------+-------+-------++-------
Melee: Unarmed           |    75 |   111 |   255 |   102 ||   543
       Kick              |     7 |       |       |       ||     7
       Bite              |     9 |     3 |     1 |     4 ||    17
       Punch             |     1 |     1 |       |     1 ||     3
       Headbutt          |     1 |     1 |       |       ||     2
       Dagger            |       |       |       |     1 ||     1
 Cast: Beastly Appendage |    17 |     3 |     1 |       ||    21
       Sticks to Snakes  |     2 |     9 |    11 |    16 ||    38
       Spider Form       |       |     9 |    31 |     7 ||    47
       Blade Hands       |       |       |       |     4 ||     4
       Regeneration      |       |       |       |     1 ||     1
  Use: Scroll            |     4 |     3 |     5 |     3 ||    15
       Potion            |       |     1 |     3 |     3 ||     7
 Stab: Sleeping          |     2 |     1 |     3 |     2 ||     8
       Distracted        |       |     1 |     6 |     1 ||     8
       Invisible         |       |       |     2 |       ||     2
  Eat: Chunk             |       |     1 |     7 |     1 ||     9
       Ration            |       |       |       |     1 ||     1
Armor: Robe              |    12 |     5 |     3 |     2 ||    22
       Skin              |       |     3 |     5 |     2 ||    10
Dodge: Dodged            |    45 |    84 |   253 |   124 ||   506
Block: Buckler           |       |       |       |     2 ||     2

Table legend:
 A = Spawn XP
 B = Non-spawn XP
 C = Spawn XP percentage of total XP
 D = Spawn monster count
 E = Non-spawn monster count
 F = Spawn count percentage of total count
 G = Total turns spent on level
                    A         B        C        D         E        F      G
               +---------+---------+-------+---------+---------+-------+---------
         Total |       0 |    7549 |   0.0 |       0 |     202 |   0.0 |  2946
               +---------+---------+-------+---------+---------+-------+---------
           D:1 |       0 |      20 |   0.0 |       0 |      15 |   0.0 |   208
           D:2 |       0 |      42 |   0.0 |       0 |      14 |   0.0 |   207
           D:3 |       0 |      78 |   0.0 |       0 |      19 |   0.0 |   261
           D:4 |       0 |     661 |   0.0 |       0 |      22 |   0.0 |   348
           D:5 |       0 |     230 |   0.0 |       0 |       3 |   0.0 |   201
           D:6 |       0 |    1685 |   0.0 |       0 |      18 |   0.0 |   352
           D:7 |       0 |    2098 |   0.0 |       0 |      21 |   0.0 |   505
           D:8 |       0 |    1594 |   0.0 |       0 |      11 |   0.0 |   139
           D:9 |       0 |     692 |   0.0 |       0 |      21 |   0.0 |   310
          D:10 |       0 |      73 |   0.0 |       0 |       3 |   0.0 |    11
         Sewer |       0 |     376 |   0.0 |       0 |      55 |   0.0 |   356
               +---------+---------+-------+---------+---------+-------+---------

Table legend:
 A = Turns spent in this place as a percentage of turns spent in the entire game.
 B = Non-inter-level travel turns spent in this place as a percentage of non-inter-level travel turns spent in the entire game.
 C = Inter-level travel turns spent in this place as a percentage of turns spent in this place.
 D = Turns resting spent in this place as a percentage of non-inter-level travel turns spent in this place.
 E = Turns spent auto-exploring this place as a percentage of non-inter-level travel turns spent in this place.
 F = Non-inter-level travel turns spent in this place divided by the number of levels of this place that you've seen.
                   A       B       C       D       E      F
               +-------+-------+-------+-------+-------+----------------------
         Total | 100.0 | 100.0 |   0.4 |   0.0 |   0.0 | 244.4
       Dungeon |  86.3 |  86.2 |   0.5 |   0.0 |   0.0 | 252.9
        Temple |   1.6 |   1.6 |   0.0 |   0.0 |   0.0 |  48.0
         Sewer |  12.1 |  12.1 |   0.0 |   0.0 |   0.0 | 356.0
               +-------+-------+-------+-------+-------+----------------------

Table legend:
 A = Kills in this place as a percentage of kills in entire the game.
 B = Kills by you in this place as a percentage of kills by you in the entire game.
 C = Kills by friends in this place as a percentage of kills by friends in the entire game.
 D = Other kills in this place as a percentage of other kills in the entire game.
 E = Experience gained in this place as a percentage of experience gained in the entire game.
 F = Experience gained in this place divided by the number of levels of this place that you have seen.
                   A       B       C       D       E      F
               +-------+-------+-------+-------+-------+----------------------
         Total | 100.0 | 100.0 | 100.0 |   N/A | 100.0 | 629.1
       Dungeon |  72.8 |  72.7 |  73.3 |   N/A |  95.0 | 717.3
         Sewer |  27.2 |  27.3 |  26.7 |   N/A |   5.0 | 376.0
               +-------+-------+-------+-------+-------+----------------------

Vault maps used:
D:1:      dpeg_arrival_ratfight
D:2:      lemuel_doored_altar, led_sif_pool
D:3:      nicolae_qazlal_general_emergency, first_ration
D:4:      lemuel_round_altar
D:5:      hex_medium
D:6:      marbit_many_paths, lightli_sewer_entry_pipes
D:7:      temple_hall_moat, hangedman_abyss_or_decor_slice, uniq_pikel
D:8:      uniq_grum
D:9:      kennysheep_mini_moat
D:10:     minmay_lair_entry_lava, st_stairs_3, nicolae_gozag_seed_capital,
          uniq_psyche
Temple:   nicolae_temple_x_marks_the_god
Sewer:    sewer_frog_island_02
